 Dungeon Crawl Stone Soup version 0.32-a0-705-g60f233581c (webtiles) character file.

Game seed: 17945548910799463374

1094 BeKind the Trooper (level 8, -2/56 HPs)
             Began as an Octopode Fighter on Mar 14, 2024.
             Was an Initiate of Gozag.
             Slain by an orc warrior
             ... wielding a +0 short sword
              (4 damage)
             ... on level 6 of the Dungeon.
             The game lasted 00:07:43 (5873 turns).

BeKind the Trooper (Octopode Fighter)               Turns: 5873, Time: 00:07:44

Health: -2/56      AC:  1    Str: 15    XL:     8   Next: 31%
Magic:  8/8        EV: 14    Int: 10    God:    Gozag
Gold:   289        SH:  5    Dex: 14    Spells: 7/7 levels left

rFire   + . .        a - +0 trident
rCold   . . .        b - +0 buckler
rNeg    . . .        (helmet restricted)
rPois   .            (no amulet)
rElec   .            q - ring of protection from fire
rCorr   .            (no ring)
SInv    .            (no ring)
Will    .....        (no ring)
Stlth   ++           (no ring)
HPRegen 0.29/turn    (no ring)
MPRegen 0.11/turn    (no ring)
                     (no ring)

%: no passive effects
@: marked
A: almost no armour, amphibious, 8 rings, camouflage 1, gelatinous body 1,
(nimble swimmer 1), tentacles
a: Renounce Religion, Potion Petition, Call Merchant, Bribe Branch


You were on level 6 of the Dungeon.
You worshipped Gozag.
Gozag was aware of your devotion.
You visited 2 branches of the dungeon, and saw 7 of its levels.

You collected 392 gold pieces.
You paid 103 gold pieces to Gozag.

Inventory:

Hand Weapons
 a - a +0 trident (weapon)
 v - a +0 triple sword
Armour
 b - a +0 buckler (worn)
Jewellery
 q - a ring of protection from fire (left tentacle)
Wands
 f - a wand of flame (34)
 g - a wand of acid (9)
 l - a wand of iceblast (19)
 t - a wand of paralysis (5)
Scrolls
 c - 3 scrolls of teleportation
 d - a scroll of amnesia {unknown}
 h - 2 scrolls of enchant weapon
 i - 2 scrolls of noise
 j - a scroll of brand weapon
 k - a scroll of fog
 m - a scroll of poison
 n - 2 scrolls of enchant armour
 p - a scroll of torment {unknown}
 u - 2 scrolls of identify
Potions
 e - a potion of brilliance
 o - a potion of mutation {unknown}
 r - a potion of enlightenment {unknown}
 s - a potion of curing {unknown}
 w - a potion of berserk rage {unknown}


   Skills:
 + Level 5.6 Fighting
 + Level 5.1 Polearms
 + Level 5.6 Dodging
 + Level 5.5 Shields


You had 7 spell levels left.
You didn't know any spells.
Your spell library contained the following spells:

 Spells                   Type           Power      Damage    Failure   Level
 Apportation              Tloc           0%         N/A       43%         1
 Ensorcelled Hibernation  Hex/Ice        0%         N/A       58%         2
 Jinxbite                 Hex            0%         N/A       58%         2
 Passwall                 Erth           0%         N/A       82%         3
 Sigil of Binding         Hex            0%         N/A       82%         3
 Swiftness                Air            0%         N/A       82%         3
 Alistair's Intoxication  Alch           0%         N/A       100%        5
 Death Channel            Necr           0%         N/A       100%        6
 Sculpt Simulacrum        Ice/Alch       0%         N/A       100%        6


Dungeon Overview and Level Annotations

Branches:
Dungeon (6/15)             Temple (1/1) D:5

Altars:
Elyvilon
Gozag
Okawaru
Ru
Sif Muna
Trog
Uskayaw
Xom
Yredelemnul
Zin
The Shining One
Lugonu

Annotations:
D:2 1 runed translucent door, Crazy Yiuf


Innate Abilities, Weirdness & Mutations

You cannot wear most types of armour.
You are amphibious.
You can wear up to eight rings at the same time.
Your skin changes colour to match your surroundings (Stealth+).
Your rubbery body absorbs attacks. (AC +1, EV +1)
((You are camouflaged when in or above water. (Stealth+)))
You have tentacles for arms and can constrict up to eight enemies at once.


Message History

An orc warrior is nearby!
The orc warrior throws a boomerang.
The boomerang completely misses you.
The orc warrior throws a boomerang.
The boomerang hits you.
The orc warrior throws a boomerang.
You block the boomerang.
You reach to attack!
You barely miss the orc warrior.
You hit the orc warrior but do no damage.
Your grab misses the orc warrior. You squeeze the orc warrior.
The orc warrior is lightly wounded.
The orc warrior hits you with a +0 short sword!
The orc wizard casts a spell.
The orc wizard flickers and vanishes!
Deactivating autopickup; reactivate with Ctrl-A.
Okay, then.
You closely miss the orc warrior. You grab the orc warrior.
You squeeze the orc warrior, but do no damage.
The orc warrior is lightly wounded.
You constrict the orc warrior.
The orc warrior hits you with a +0 short sword.
The orc warrior misses you.
You hit the orc warrior.
The orc warrior is moderately wounded.
You constrict the orc warrior.
The orc warrior hits you with a +0 short sword!
You hit the orc warrior but do no damage.
You squeeze the orc warrior, but do no damage.
The orc warrior is moderately wounded.
You constrict the orc warrior.
The orc warrior hits you with a +0 short sword!
You hit the orc warrior but do no damage.
You squeeze the orc warrior, but do no damage.
The orc warrior is heavily wounded.
You constrict the orc warrior.
The orc warrior hits you with a +0 short sword!
* * * LOW HITPOINT WARNING * * *
You completely miss the orc warrior. You squeeze the orc warrior.
The orc warrior is heavily wounded.
You constrict the orc warrior, but do no damage.
The orc warrior hits you with a +0 short sword.
You die...
Your body crumbles into a pile of gold.

...≈.≈...##
#.# .........#
.≈.....≈..#
#.# ......[.#
.≈≈...≈≈..#
#.# #.......#
...._.....#
#.# #.......#
.≈≈...≈≈..#
#.# #.......#
.≈.....≈..#
#.# #.......#
...≈.≈....#
#.# #...)...#
..≈≈.≈≈...#
#.# #.......#
#.......###
#@#
#.......###
#......## #o#
#..........
#.##..## #{#
#..........
#.##.## #.#
##..........
#.##.# #[#
#...........
#.##.# #.#
#.###.######
#.##.# #.# #.#
#.# #.##.# #.#
#.# #.# #.##.#
######'#####.#
#.#


You could see an orc warrior.

Vanquished Creatures
  An ogre (D:5)
  A centaur (D:6)
  2 phantoms
  2 scorpions (D:5)
  A howler monkey (D:5)
  2 bombardier beetles
  3 hounds
  A jelly (D:5)
  2 orc priests
  Terence (D:2)
  An iguana (D:5)
  A sleepcap (D:5)
  5 orc wizards
  Robin (D:4)
  3 adders
  A white imp (D:5)
  3 dart slugs
  3 ribbon worms
  18 orcs
  9 ball pythons
  5 bats
  7 endoplasms
  2 giant cockroaches
  20 goblins
  9 hobgoblins
  3 jackals (D:4)
  7 quokkas
  2 frilled lizards (D:1)
  10 kobolds
  5 rats
131 creatures vanquished.

Notes
Turn   | Place    | Note
-------+----------+-------------------------------------------
     0 | D:1      | BeKind the Octopode Fighter began the quest for the Orb.
     0 | D:1      | Reached XP level 1. HP: 16/16 MP: 1/1
   215 | D:1      | Reached XP level 2. HP: 20/21 MP: 2/2
   400 | D:1      | Reached XP level 3. HP: 26/26 MP: 3/3
   857 | D:1      | You fall into a shaft and drop 1 floor!
   879 | D:2      | Noticed Terence
   887 | D:2      | Killed Terence
   888 | D:2      | Reached XP level 4. HP: 18/31 MP: 4/4
  1243 | D:2      | Found a runed translucent door.
  1244 | D:2      | Noticed Crazy Yiuf
  2064 | D:3      | Reached XP level 5. HP: 27/37 MP: 5/5
  2505 | D:5      | Entered Level 5 of the Dungeon
  2614 | D:5      | Noticed a phantom
  2681 | D:4      | Noticed Robin
  2698 | D:4      | Reached XP level 6. HP: 26/43 MP: 6/6
  2710 | D:4      | Killed Robin
  4138 | D:5      | Found a hide-covered altar of Uskayaw.
  4143 | D:5      | Reached XP level 7. HP: 45/49 MP: 7/7
  4447 | D:5      | Reached skill level 5 in Fighting
  4447 | D:5      | Reached skill level 5 in Dodging
  4499 | D:5      | Reached skill level 5 in Shields
  4656 | D:5      | Found a staircase to the Ecumenical Temple.
  4664 | Temple   | Entered the Ecumenical Temple
  4676 | Temple   | Became a worshipper of Gozag Ym Sagoz the Greedy
  4731 | D:5      | Reached XP level 8. HP: 44/55 MP: 8/8
  5391 | D:6      | Reached skill level 5 in Polearms
  5473 | D:6      | Found a sacrificial altar of Ru.
  5872 | D:6      | HP: 2/56 [orc warrior/+0 short sword (15)]
  5873 | D:6      | Slain by an orc warrior

Illustrated notes

Levels and vault maps discovered:
D:1:      dpeg_arrival_chambers_temple_mockup, layout_basic, minmay_tetromino_s4
D:2:      layout_rooms, lightli_corner_chamber, uniq_terence,
          uniq_crazy_yiuf_cottage
D:3:      layout_loops_ring
D:4:      layout_basic, uniq_robin
D:5:      layout_gridville, nicolae_uskayaw_murder_on_the_dancefloor,
          temple_green, hangedman_minor_gate_pass
D:6:      layout_basic, mainiacjoe_overflow_small_starburst,
          minmay_statues_item, serial_bayou_pond_e
Temple:   corrupted_temple

Skill      XL: |  1  2  3  4  5  6  7  8 |
---------------+-------------------------+-----
Polearms       | 3 4 5 |  5.1
Fighting       | 4 5 |  5.6
Dodging        | 4 5 |  5.6
Shields        | 4 5 |  5.5

Action                     |  1- 3 |  4- 6 |  7- 9 || total
---------------------------+-------+-------+-------++-------
  Melee: Trident           |    58 |   176 |    83 ||   317
         Constrict         |    12 |    33 |    14 ||    59
         Tentacles         |     8 |    22 |    19 ||    49
    Use: Potion            |       |     4 |       ||     4
         Scroll            |       |     7 |       ||     7
   Stab: Sleeping          |     7 |     9 |     5 ||    21
         Distracted        |       |     2 |       ||     2
 Armour: Skin              |    19 |   103 |    37 ||   159
  Dodge: Dodged            |    13 |    65 |    33 ||   111
  Block: Buckler           |     3 |    27 |     9 ||    39

Table legend: (Time is in decaauts)
 A = Elapsed time spent in this place.
 B = Non-inter-level travel time spent in this place.
 C = Inter-level travel time spent in this place.
 D = Time resting spent in this place.
 E = Time spent auto-exploring this place.
 F = Levels seen in this place.
 G = Mean time per level.
                   A        B        C        D        E       F      G
               +--------+--------+--------+--------+--------+-----+--------+
         Total |   5929 |   5537 |    392 |   1116 |   3522 |   7 |  847.0 |
       Dungeon |   5904 |   5534 |    370 |   1116 |   3522 |   6 |  984.0 |
        Temple |     24 |      2 |     22 |      0 |      0 |   1 |   24.0 |
               +--------+--------+--------+--------+--------+-----+--------+

Top non-repeatable levels by time:
     D:5: 1936 daAuts
     D:1: 1130 daAuts
     D:4: 917 daAuts
     D:3: 765 daAuts
     D:2: 616 daAuts
     D:6: 538 daAuts
  Temple: 24 daAuts
